 Dungeon Crawl Stone Soup version 0.32-a0-685-g93135e86f0 (webtiles) character file.

Game seed: 7292712558196552534

896 Shayle the Trooper (level 8, -6/64 HPs)
             Began as a Coglin Alchemist on Mar 12, 2024.
             Killed by divine providence
             ... invoked by an orc priest
              (15 damage)
             ... on level 6 of the Dungeon.
             The game lasted 00:15:44 (5593 turns).

Shayle the Trooper (Coglin Alchemist)               Turns: 5593, Time: 00:15:44

Health: -6/64      AC:  3    Str: 12    XL:     8   Next: 7%
Magic:  10/10      EV: 12    Int: 15    God:
Gold:   159        SH:  0    Dex: 20    Spells: 9/10 levels left

rFire   . . .        s - +1 sling (drain) {Kasem}
rCold   . . .        t - +7 whip "Filioq" {speed, Str+3}
rNeg    . . .        a - +0 robe
rPois   .            (no helmet)
rElec   .            (no cloak)
rCorr   .            (no gloves)
SInv    .            n - +0 pair of boots of Zakk {Dex+4}
Will    .....        (amulet unavailable)
Stlth   ++           (ring unavailable)
HPRegen 0.30/turn    (ring unavailable)
MPRegen 0.12/turn    (no gizmo)

%: no passive effects
@: lethally poisoned (-6 -> -11), revved
A: off-hand wielding, slow wielding, warmup strikes, no jewellery
a: Invent Gizmo, Convert to Beogh


You were on level 6 of the Dungeon.
You visited 1 branch of the dungeon, and saw 6 of its levels.

You collected 299 gold pieces.
You spent 140 gold pieces at shops.

Inventory:

Hand Weapons
 l - a +0 sling {Helmut}
 o - a +0 dagger of speed {Zarja}
 s - a +1 sling of draining (weapon) {Kasem}
 t - the +7 whip "Filioq" (offhand) {speed, Str+3}
   (You found it on level 4 of the Dungeon)

   Str+3:     It affects your strength (+3).
Armour
 a - a +0 robe (worn)
 e - a +0 pair of boots
 n - the +0 pair of boots of Zakk (worn) {Dex+4}
   (You acquired it on level 4 of the Dungeon)

   Dex+4:     It affects your dexterity (+4).
Wands
 u - a wand of flame (8)
 v - a wand of mindburst (10)
Scrolls
 c - a scroll of revelation
 f - a scroll of fear
 h - a scroll of fog
 i - a scroll of poison
 r - a scroll of immolation {unknown}
 w - 3 scrolls of teleportation {unknown}
 x - a scroll of amnesia {unknown}
Potions
 b - a potion of magic
 d - a potion of enlightenment {unknown}
 g - 3 potions of cancellation
 k - 2 potions of heal wounds {unknown}
 m - a potion of brilliance {unknown}
 p - a potion of might {unknown}
 q - 2 potions of degeneration {unknown}


   Skills:
 + Level 6.1 Fighting
 + Level 5.5 Ranged Weapons
 - Level 1.7 Dodging
 - Level 1.5 Stealth
 - Level 1.7 Spellcasting
 - Level 0.8 Conjurations
 - Level 3.2 Alchemy


You had 9 spell levels left.
You knew the following spells:

 Your Spells              Type           Power      Damage    Failure   Level
a - Sting                 Conj/Alch      28%        1d4       10%         1

Your spell library contained the following spells:

 Spells                   Type           Power      Damage    Failure   Level
 Mercury Vapours          Alch/Air       12%        N/A       17%         2
 Shock                    Conj/Air       8%         1d3       19%         1
 Apportation              Tloc           2%         N/A       22%         1
 Necrotise                Necr           4%         1d4       22%         1
 Summon Small Mammal      Summ           4%         N/A       22%         1
 Jinxbite                 Hex            2%         N/A       34%         2
 Mephitic Cloud           Conj/Alch/Air  5%         N/A       36%         3
 Olgreb's Toxic Radiance  Alch           11%        N/A       52%         4
 Swiftness                Air            1%         N/A       56%         3
 Volatile Blastmotes      Fire/Tloc      2%         2d10      56%         3
 Fulminant Prism          Conj/Alch      3%         3d5       67%         4
 Sticky Flame             Fire/Alch      6%         2d4       75%         4
 Alistair's Intoxication  Alch           7%         N/A       86%         5
 Iskenderun's Mystic Bla  Conj/Tloc      2%         2d3       88%         4
 Airstrike                Air            0%         2d(1-17)  92%         4
 Conjure Ball Lightning   Conj/Air       1%         3x3d6     100%        6
 Discord                  Hex            0%         N/A       100%        8
 Disjunction              Tloc           0%         N/A       100%        8


Dungeon Overview and Level Annotations

Branches:
Dungeon (6/15)
 Temple: D:4-7

Altars:

Shops:
D:2 ?   D:4 (


Innate Abilities, Weirdness & Mutations

You can wield a second weapon in your off-hand.
It takes a long time for you to wield or remove held weapons.
Your first few attacks do less damage.
You cannot equip rings or amulets.


Message History

You are poisoned.
Something hits you.
Unknown command.
You shoot a sling bullet.
The sling bullet hits the orc priest but does no damage.
You drain the orc priest.
The orc priest is moderately wounded.
The orc priest shouts, "The Pantheon deserves no one's loyalty.
Let us show you the true path!"
You feel very sick. The orc priest misses you.
The orc hits you but does no damage.
You are more poisoned.
Something hits you.
* * * LOW HITPOINT WARNING * * *
The orc hits you with a +2 heavy hand axe!
* * * LOW HITPOINT WARNING * * *
The orc barely misses you. The orc priest barely misses you.
You feel better. Something hits you but does no damage.
The orc hits you with a +2 heavy hand axe.
* * * LOW HITPOINT WARNING * * *
The orc priest looks satisfied for a moment.
The orc barely misses you.
Unknown command.
You shoot a sling bullet.
The sling bullet closely misses the orc.
You hear the brisk hiss of an avalanche of sand nearby.
Something hits you.
* * * LOW HITPOINT WARNING * * *
The orc hits you with a +0 dagger of venom.
* * * LOW HITPOINT WARNING * * *
You are poisoned.
The orc priest hits you but does no damage.
You hear some strange, mumbled words.
Something tries to affect you, but you resist.
The orc priest shouts, "The Pantheon deserves no one's loyalty.
Let us show you the true path!"
You shoot a sling bullet. The sling bullet hits the orc!
You drain the orc.
You kill the orc!
You feel very sick.
The orc priest calls down the wrath of Beogh upon you.
Beogh smites you!
You die...

.
.................#.#
.......$..........[#
.................####
!...................#
....[.?.............#
..........=.........#
....................#
..........{)o.....).#
##.....##.o@........#
#.#### ####........#
# ##########


You could see an orc priest (very drained) and an orc.

Vanquished Creatures
  A water moccasin (D:5)
  An ice beast (D:6)
  A centaur (D:5)
  2 phantoms (D:5)
  A scorpion (D:5)
  A bombardier beetle (D:5)
  2 jellies
  15 gnolls
  6 adders
  An ufetubus (D:5)
  A dart slug (D:2)
  13 orcs
  7 ball pythons
  6 endoplasms
  A giant cockroach (D:1)
  15 hobgoblins
  7 jackals
  2 quokkas
  10 bats
  3 frilled lizards (D:2)
  9 goblins
  6 kobolds
  3 rats
114 creatures vanquished.

Notes
Turn   | Place    | Note
-------+----------+-------------------------------------------
     0 | D:1      | Shayle the Coglin Alchemist began the quest for the Orb.
     0 | D:1      | Reached XP level 1. HP: 13/13 MP: 3/3
   266 | D:1      | Reached skill level 1 in Fighting
   266 | D:1      | Reached XP level 2. HP: 21/21 MP: 1/4
   316 | D:1      | Reached skill level 1 in Ranged Weapons
   819 | D:1      | Reached XP level 3. HP: 25/26 MP: 2/5
  1481 | D:2      | Found Uheur's Magic Scroll Shop.
  1486 | D:2      | Bought a scroll of identify for 28 gold pieces
  1509 | D:2      | Reached skill level 2 in Fighting
  1894 | D:2      | Reached XP level 4. HP: 34/34 MP: 3/6
  2650 | D:2      | Reached skill level 3 in Fighting
  2687 | D:2      | Reached XP level 5. HP: 11/41 MP: 3/7
  3674 | D:4      | Found Yttusis's Antique Weapon Boutique.
  3700 | D:4      | Bought a glowing sling for 112 gold pieces
  3715 | D:4      | Identified a scroll of acquirement
  3715 | D:4      | Acquired the +0 pair of boots of Zakk {Dex+4}
  3772 | D:4      | Identified the +7 whip "Filioq" {speed, Str+3}
  3863 | D:4      | Reached XP level 6. HP: 48/48 MP: 8/8
  3932 | D:4      | Reached skill level 4 in Fighting
  4350 | D:5      | Entered Level 5 of the Dungeon
  4723 | D:5      | Reached XP level 7. HP: 55/55 MP: 9/9
  4782 | D:5      | Reached skill level 5 in Fighting
  5027 | D:5      | Reached skill level 5 in Ranged Weapons
  5588 | D:6      | Reached skill level 6 in Fighting
  5588 | D:6      | Reached XP level 8. HP: 27/64 MP: 10/10
  5593 | D:6      | Killed from afar by an orc priest

Illustrated notes

Levels and vault maps discovered:
D:1:      erik_arrival_orb_chamber, layout_loops_ring, nicolae_hexahallways,
          minmay_misc_feat_room, chequers_serial_rivers_small_b,
          skrybe_limestone_x
D:2:      cheibrodos_greedy_goblins, layout_basic, serial_shops,
          nicolae_shop_tiny_statue_garden
D:3:      layout_rooms, yredelemnul_forgotten_temple_becter
D:4:      layout_loops_ring, serial_shops, shop
D:5:      layout_basic, minmay_strange_pillars
D:6:      layout_rooms, nicolae_ru_path_of_blood, ebering_ghost_rock_garden,
          enter_ossuary_4, chequers_big_river

Skill      XL: |  1  2  3  4  5  6  7 |
---------------+----------------------+-----
Fighting       | 1 2 3 4 6 |  6.1
Ranged Weapons | 1 2 3 4 5 |  5.5
Dodging        | |  1.7
Stealth        | |  1.5
Spellcasting   | |  1.7
Conjurations   | |  0.8
Alchemy        | |  3.2

Action                     |  1- 3 |  4- 6 |  7- 9 || total
---------------------------+-------+-------+-------++-------
  Melee: Unarmed           |    63 |       |       ||    63
   Fire: Sling             |    22 |   144 |    94 ||   260
   Cast: Sting             |    65 |    46 |       ||   111
    Use: Scroll            |     1 |     6 |       ||     7
         Potion            |       |     1 |     3 ||     4
 Armour: Robe              |    51 |    73 |    72 ||   196
  Dodge: Dodged            |    63 |    80 |    68 ||   211

Table legend: (Time is in decaauts)
 A = Elapsed time spent in this place.
 B = Non-inter-level travel time spent in this place.
 C = Inter-level travel time spent in this place.
 D = Time resting spent in this place.
 E = Time spent auto-exploring this place.
 F = Levels seen in this place.
 G = Mean time per level.
                   A        B        C        D        E       F      G
               +--------+--------+--------+--------+--------+-----+--------+
         Total |   5661 |   5411 |    250 |   1466 |   2850 |   6 |  943.5 |
       Dungeon |   5661 |   5411 |    250 |   1466 |   2850 |   6 |  943.5 |
               +--------+--------+--------+--------+--------+-----+--------+

Top non-repeatable levels by time:
     D:2: 1749 daAuts
     D:1: 1637 daAuts
     D:5: 1176 daAuts
     D:4: 702 daAuts
     D:3: 307 daAuts
     D:6: 87 daAuts
